AoeStats
← Le_Web

Baltic

510539813Analyzed
2v2 RM · 14h ago on Oct 1, 2026· 29m 13s· 4 players
Game mode
Random Map
Map size
Medium (4 player)
Population
200
Speed
Normal
Resources
Standard
Victory
Conquest
Starting age
Dark Age
Ending age
Imperial Age
RankedLock teamsTeams togetherTeam positionsShared explorationLock speedFull tech treeHidden civsTurbo modeCheats
Victory
Defeat
🇫🇷 Lithuanians · France
827
+20
🇫🇷 Japanese · France
779
+22
🇷🇸 Danes · Serbia
937
-22
🇨🇱 Magyars · Chile
897
-20
BenjaB1
0:27 Loom
10:27 Feudal Age
18:01 Stone Mining
23:50 Castle Age
24:37 Fletching
Piletina93
8:13 Loom
10:14 Feudal Age
11:11 Double-Bit Axe
11:43 Fishing Lines
11:50 Horse Collar
17:52 Castle Age
17:35 Scale Mail Armor
17:40 Gold Mining
18:25 Gillnets
18:48 Bow Saw
20:21 Bloodlines
20:29 Chain Mail Armor
20:06 Gambesons
22:31 Husbandry
22:33 Squires
23:23 Stone Mining
23:35 Heavy Plow
Cailloux
9:58 Feudal Age
10:36 Double-Bit Axe
14:04 Bloodlines
18:03 Forging
18:43 Scale Barding Armor
22:17 Wheelbarrow
25:14 Castle Age
25:39 Gold Mining
28:18 Light Cavalry
28:58 Husbandry
29:52 Hand Cart
29:55 Bow Saw
Le_Web
11:52 Feudal Age
12:37 Double-Bit Axe
12:46 Man-at-Arms
14:33 Wheelbarrow
14:17 Arson
15:13 Horse Collar
15:55 Loom
21:06 Castle Age
19:49 Scale Mail Armor
19:59 Forging
19:57 Scale Barding Armor
19:42 Fletching
21:11 Long Swordsman
21:38 Gambesons
24:16 Stone Mining
24:18 Gold Mining
27:41 Gold Shaft Mining
26:39 Pikeman
27:25 Squires
29:31 Iron Casting
29:12 Chain Mail Armor
28:40 Elite Skirmisher
Connection lost

Rejoining the realm…

Still unreachable

The connection could not be restored.

Session expired

The server has moved on; the page needs a fresh start.